 Dungeon Crawl Stone Soup version 0.28-a0-1429-gf3d713df7a (webtiles) character file.

Game seed: 6343011415678780478

257 HallandMoats the Skirmisher (level 6, -1/52 HPs)
             Began as a Ghoul Fighter on Jan 8, 2022.
             Was a Follower of Dithmenos.
             Slain by a wight (5 damage)
             ... on level 2 of the Dungeon.
             The game lasted 00:03:50 (3057 turns).

HallandMoats the Skirmisher (Ghoul Fighter)         Turns: 3057, Time: 00:03:52

Health: -1/52      AC: 15    Str: 20    XL:     6   Next: 16%
Magic:  5/5        EV:  9    Int:  3    God:    Dithmenos [*.....]
Gold:   85         SH:  4    Dex: 10    Spells: 5/5 levels left

rFire   . . .      SeeInvis +   n - +1 dagger (protect)
rCold   + . .      Faith    .   c - +0 buckler
rNeg    + + +      Spirit   .   b - +0 scale mail
rPois   ∞          Reflect  .   (no helmet)
rElec   .          Harm     .   f - +0 cloak
rCorr   .          Rampage  .   (no gloves)
Will    .....                   (no boots)
Stlth   ..........              (no amulet)
HPRegen 0.00/turn               e - ring of see invisible
MPRegen 0.09/turn               (no ring)

@: under a protective aura, inhibited regen, wreathed by umbra
A: claws 1, cold resistance 1, negative energy resistance 3, inhibited
regeneration, torment resistance 2
a: Renounce Religion


You were on level 2 of the Dungeon.
You worshipped Dithmenos.
Dithmenos was aware of your devotion.
You visited 1 branch of the dungeon, and saw 3 of its levels.

You collected 85 gold pieces.

Inventory:

Hand Weapons
 a - a +0 flail
 n - a +1 dagger of protection (weapon)
Armour
 b - a +0 scale mail (worn)
 c - a +0 buckler (worn)
 f - a +0 cloak (worn)
Jewellery
 e - a ring of see invisible (left claw)
 o - a ring of protection from fire
Scrolls
 g - 3 scrolls of identify {unknown}
 h - a scroll of teleportation {unknown}
 i - a scroll of fog {unknown}
 j - a scroll of amnesia {unknown}
 k - a scroll of enchant weapon {unknown}
 m - a scroll of enchant armour {unknown}
Potions
 d - a potion of curing {unknown}
 l - a potion of haste {unknown}


   Skills:
 * Level 4.2 Fighting
 + Level 2.7 Maces & Flails
 + Level 3.4 Armour
 + Level 2.0 Dodging
 - Level 4.0 Shields


You had 5 spell levels left.
You didn't know any spells.
Your spell library contained the following spells:

 Spells                   Type           Power      Damage    Failure   Level
 Animate Skeleton         Necr           0%         N/A       92%         1
 Apportation              Tloc           0%         N/A       92%         1
 Summon Small Mammal      Summ           0%         N/A       92%         1


Dungeon Overview and Level Annotations

Branches:
Dungeon (3/15)

Altars:
Cheibriados
Dithmenos


Innate Abilities, Weirdness & Mutations

You thrive by killing the living.
You are immune to poison.
You have sharp fingernails.
Your flesh is cold resistant. (rC+)
You are immune to negative energy. (rN+++)
You do not regenerate when monsters are visible.
You are immune to unholy pain and torment.


Message History

The wight is moderately damaged.
The wight hits you with a +2 falchion!
You hit the wight but do no damage.
The wight is moderately damaged.
The wight hits you with a +2 falchion.
* * * LOW HITPOINT WARNING * * *
You barely miss the wight.
The wight is moderately damaged.
The wight hits you with a +2 falchion.
* * * LOW HITPOINT WARNING * * *
You barely miss the wight.
The wight is moderately damaged.
The wight hits you but does no damage.
You hit the wight.
The wight is heavily damaged.
The wight hits you with a +2 falchion.
* * * LOW HITPOINT WARNING * * *
You hit the wight but do no damage.
The wight is heavily damaged.
The wight hits you but does no damage.
You hit the wight.
The wight is heavily damaged.
The wight barely misses you.
You barely miss the wight.
The wight is heavily damaged.
You block the wight's attack.
You barely miss the wight.
The wight is heavily damaged.
The wight barely misses you.
You hit the wight but do no damage.
The wight is heavily damaged.
The wight hits you with a +2 falchion.
* * * LOW HITPOINT WARNING * * *
You closely miss the wight.
The wight is heavily damaged.
The wight barely misses you.
You barely miss the wight.
The wight is heavily damaged.
The wight hits you with a +2 falchion.
You die...

#.........##......###.
#.......†.....#..## ##
#.......>.#..###..# #.
###...........###.###
#† #........#.#### #.#
#. #...#.<.....## #.#
#. ###...####...# #.#
#. #....#####..## #.#
## #.##zz@.##...# #.#
##.
#.#####.##.#.###.####..
#.# #..#..<.........#
###.# ##.#..........###
#.#.# #.#..........#
#...# #.#.........####
#..## #...........###.
#..# ##..........#...
#..## ###.........#.##


You could see 2 wights.

Vanquished Creatures
  A wight (D:3)
  A hound (D:3)
  2 orc priests (D:3)
  A gnoll (D:1)
  3 adders
  2 worms
  3 dart slugs (D:1)
  7 orcs (D:3)
  6 endoplasms
  3 giant cockroaches (D:1)
  8 goblins
  4 hobgoblins
  3 jackals (D:1)
  5 quokkas
  6 ball pythons
  5 bats
  2 frilled lizards (D:2)
  6 kobolds
  4 rats
72 creatures vanquished.

Notes
Turn   | Place    | Note
-------+----------+-------------------------------------------
     0 | D:1      | HallandMoats the Ghoul Fighter began the quest for the Orb.
     0 | D:1      | Reached XP level 1. HP: 19/19 MP: 0/0
   182 | D:1      | Reached XP level 2. HP: 17/26 MP: 1/1
   399 | D:1      | Reached XP level 3. HP: 10/31 MP: 2/2
   857 | D:1      | Reached skill level 1 in Dodging
   974 | D:1      | Reached XP level 4. HP: 40/40 MP: 3/3
  1151 | D:2      | Found a shadowy altar of Dithmenos.
  1238 | D:2      | Found a faded altar of an unknown god.
  1248 | D:2      | Prayed at the altar of an unknown god.
  1248 | D:2      | Became a worshipper of Dithmenos the Shadowed
  1248 | D:2      | Reached * piety under Dithmenos
  1484 | D:3      | Reached XP level 5. HP: 28/46 MP: 4/4
  1713 | D:3      | Found a snail-covered altar of Cheibriados.
  2705 | D:3      | Reached XP level 6. HP: 9/52 MP: 5/5
  3057 | D:2      | Slain by a wight

Illustrated notes

Levels and vault maps discovered:
D:1:      psy_arrival_basics, layout_basic, minmay_misc_feat_encased,
          serial_bayou_pond_d
D:2:      layout_rooms, basic_altar, nicolae_ecumenical_snake_handling
D:3:      layout_loops_ring, mainiacjoe_overflow_paths, zin_statuary

Skill      XL: |  1  2  3  4  5 |
---------------+----------------+-----
Maces & Flails | 2 |  2.7
Shields        | 3 4 |  4.0
Dodging        | 1 2 |  2.0
Armour         | 3 |  3.4
Fighting       | 4 |  4.2

Action                   |  1- 3 |  4- 6 || total
-------------------------+-------+-------++-------
Melee: Flail             |   102 |    82 ||   184
       Dagger            |       |   142 ||   142
  Use: Potion            |       |     1 ||     1
Armor: Scale mail        |    68 |    87 ||   155
Dodge: Dodged            |    78 |   109 ||   187
Block: Buckler           |    34 |    40 ||    74

Table legend: (Time is in decaauts)
 A = Elapsed time spent in this place.
 B = Non-inter-level travel time spent in this place.
 C = Inter-level travel time spent in this place.
 D = Time resting spent in this place.
 E = Time spent auto-exploring this place.
 F = Levels seen in this place.
 G = Mean time per level.
                   A        B        C        D        E       F      G
               +--------+--------+--------+--------+--------+-----+--------+
         Total |   3127 |   3089 |     38 |      0 |   2324 |   3 | 1042.3 |
       Dungeon |   3127 |   3089 |     38 |      0 |   2324 |   3 | 1042.3 |
               +--------+--------+--------+--------+--------+-----+--------+

Top non-repeatable levels by time:
     D:3: 1581 daAuts
     D:1: 1021 daAuts
     D:2: 524 daAuts
